Match 37917401
Unlisted

Match 37917401
End
Engineer Squad
Engineer Squad
Selects Armored Battlegroup
Selects Assault Engineers
Construct Weapon Support Center
Assault Engineer Squad
Assault Engineer Squad
Construct Weapon Support Center
Infantry Support Center
M1919 Machine Gun Team
M3 Armored Personnel Carrier
Construct Medical Station
Bazooka Squad
M1919 Machine Gun Team
Selects Strength in Steel
Construct Tank Depot
Selects Field Repairs
M4A1 Sherman Medium Tank
Bazooka Squad
Quetzalcoatl
(502) Bad Gateway
0
0

Comments sign in to comment!

No comments posted yet!